[Event "CZE-ch U14 Open 2023"]
[Site "Teplice"]
[Date "2023.03.11"]
[Round "1.1"]
[White "Veverka, Vladimir"]
[Black "Martirosyan, David"]
[Result "1/2-1/2"]
[ECO "D31"]
[WhiteElo "1735"]
[BlackElo "1975"]
[Annotator "TA"]
[PlyCount "69"]
[EventDate "2023.03.09"]
[EventType "swiss"]
[EventCountry "CZE"]
[SourceTitle "playchess.com"]
[Source "ChessBase"]
[SourceQuality "1"]
[TimeControl "40/5400+30:1800+30"]

1. d4 d5 2. c4 e6 3. Nc3 Bb4 4. Nf3 dxc4 5. Qa4+ Nc6 6. a3 {[%emt 0:00:58] D31: Queen's Gambit Declined: Semi-Slav without ...Nf6 (+ Marshall Gambit and Noteboom) and Exchange Variation lines without ...Nf6.} Bxc3+ 7. bxc3 Qd5 8. Bf4 b5 9. Qc2 Qd7 {[%emt 0:01:02] [#]} (9... Nf6 $15) 10. a4 $146 {[%emt 0:07:36] White is more active.} ({Predecessor:} 10. e4 Bb7 11. Be2 Nf6 12. O-O O-O 13. Bg5 Ne8 14. Rfd1 f6 15. Bf4 Ne7 16. Nd2 {½-½ Cusick,P (1966)-Menikos,D (1592) EU-ch Seniors 50 19th 2019 (3)}) 10... Ba6 11. e4 Nf6 (11... b4 $14) 12. axb5 $16 Bxb5 13. Nd2 (13. Be2 $16) 13... e5 $1 $11 14. Bxe5 Nxe5 15. dxe5 Ng4 16. Bxc4 {[%emt 0:06:51] Black must now prevent Qb3.} Nxe5 17. Bxb5 Qxb5 18. Qa4 c6 19. Qxb5 cxb5 20. Ke2 {[%emt 0:00:18] Rhb1 would be deadly.} Ke7 21. Ra5 (21. f4 $5 Nc6 22. Ra6 $14) 21... Rhb8 (21... a6 $5 ) 22. Rha1 (22. f4 $5 Nc4 23. Nxc4 bxc4 24. Rd1 $14) 22... Rb7 $1 {[%emt 0:00:30] The position is equal.} 23. c4 Nxc4 24. Nxc4 bxc4 {[%emt 0:00:13][%mdl 4096] Endgame KRR-KRR} 25. Rc5 Rab8 26. Rxc4 Rb2+ 27. Kf3 R8b3+ 28. Kg4 Rb7 29. Rca4 Rxf2 30. Kg3 Rbb2 31. Rxa7+ Ke6 32. R7a6+ Ke5 33. R6a5+ Kd4 34. R1a4+ Ke3 35. Ra3+ {[%emt 0:00:21] Weighted Error Value: White=0.12 (very precise) /Black=0.10 (very precise)} 1/2-1/2

[Event "CZE-ch U14 Open 2023"]
[Site "Teplice"]
[Date "2023.03.11"]
[Round "1.2"]
[White "Juhanak, Daniel"]
[Black "Andrle, Filip"]
[Result "1-0"]
[ECO "D02"]
[WhiteElo "1952"]
[BlackElo "1721"]
[Annotator "TA"]
[PlyCount "61"]
[EventDate "2023.03.09"]
[EventType "swiss"]
[EventCountry "CZE"]
[SourceTitle "playchess.com"]
[Source "ChessBase"]
[SourceQuality "1"]
[TimeControl "40/5400+30:1800+30"]

1. d4 d5 2. Nf3 Nf6 3. c4 c6 4. g3 dxc4 5. Bg2 g6 6. O-O Bg7 7. a4 O-O 8. Na3 $1 {[%emt 0:00:59] D73: Fianchetto Grünfeld: 5 Nf3 .} h6 9. Nxc4 Be6 {[%emt 0:02:40] [#]} 10. Qd3 $146 {[%emt 0:03:52] White is slightly better.} ({Predecessor:} 10. Qc2 Na6 11. b3 Nb4 12. Qd2 a5 13. Bb2 Ne4 14. Qd1 {0-1 Injac,T (2365)-Nurgaliyev,S (2150) Sitges Sunway op 9th 2022 (4)}) 10... Na6 11. Bd2 {[%emt 0:04:06] Prevents Nb4.} Bd5 12. b4 Nc7 13. Rfd1 Be4 14. Qb3 Ncd5 (14... Ne6 $11) 15. Be1 $16 Qc7 16. Rac1 Rac8 17. a5 a6 18. Nfd2 Bxg2 19. Kxg2 {[%emt 0:01:37] Threatens to win with e4.} e6 (19... Qb8 $14) 20. e4 Ne7 21. Qf3 Rcd8 22. Nb3 Qb8 (22... Nc8 $16 {was worth a try.}) 23. Bc3 ({Better is} 23. Bd2 $18) 23... Ne8 {[%emt 0:03:03] [#]} (23... Nd7 $16) 24. h4 ({White should try} 24. Bd2 $1 $18 ) 24... h5 $2 {[%emt 0:00:30] [#] Loses the game.} (24... Nd6 $16) 25. Bd2 $1 $18 e5 $2 (25... f5 26. Bg5 fxe4 27. Qxe4 Rf7 28. Bxe7 {[%mdl 64] Remove Defender} Rxe7 29. Qxg6 Nf6) 26. dxe5 {[%emt 0:01:29] White is clearly winning.} Bxe5 27. Nxe5 Rxd2 28. Nd7 Rxd1 29. Nxb8 Rd8 30. Qf4 Ng7 31. Qc7 {[%emt 0:01:01] Weighted Error Value: White=0.13 (very precise) /Black=0.51} 1-0

[Event "CZE-ch U14 Open 2023"]
[Site "Teplice"]
[Date "2023.03.11"]
[Round "1.3"]
[White "Hobza, Richard"]
[Black "Roubal, Matyas"]
[Result "1/2-1/2"]
[ECO "E81"]
[WhiteElo "1702"]
[BlackElo "1948"]
[Annotator "TA"]
[PlyCount "64"]
[EventDate "2023.03.09"]
[EventType "swiss"]
[EventCountry "CZE"]
[SourceTitle "playchess.com"]
[Source "ChessBase"]
[SourceQuality "1"]
[TimeControl "40/5400+30:1800+30"]

1. d4 Nf6 2. c4 g6 3. Nc3 Bg7 4. e4 d6 5. f3 O-O 6. Be3 c6 7. Bd3 a6 8. Qd2 b5 9. a3 {[%emt 0:03:49] E81: King's Indian: Sämisch: 6th move deviations (including 6 Be3 c6).} Nbd7 10. Nge2 e5 11. d5 cxd5 {[%emt 0:02:13] [#]} (11... bxc4 $11 12. Bxc4 Nb6 13. Bxb6 Qxb6) 12. Nxd5 $146 (12. cxd5 $14 {might be stronger.} Nb6 13. Qc2) ({Predecessor:} 12. cxd5 Nb6 13. O-O Bd7 14. b3 Qb8 15. Na2 a5 16. Nac3 Nc8 17. a4 b4 18. Nb5 {1-0 Benidze,D (2504)-Pruijssers,R (2483) WUCC op 11th 2010 (5)}) 12... Nxd5 13. cxd5 Nc5 {[%emt 0:16:54] [#] And now ...Nb3 would win.} 14. Bc2 {[%emt 0:06:43] Prevents Nb3.} Bd7 15. b4 Na4 16. Bxa4 bxa4 17. O-O Bb5 18. Rfc1 Qd7 19. Nc3 Rac8 20. Nxb5 axb5 21. Rxc8 (21. Ra2 $5 ) 21... Rxc8 {[%emt 0:00:06] The position is equal.} 22. Rc1 Bf6 23. Rc3 Bd8 24. Qc2 Rxc3 25. Qxc3 Qc7 26. Qxc7 Bxc7 $11 {[%emt 0:00:03][%mdl 4096] Endgame KB-KB} 27. Kf2 Bd8 28. Ke2 g5 29. g3 f6 30. f4 h5 31. fxe5 fxe5 {[%emt 0:00:05] [#]} 32. g4 $1 h4 {[%emt 0:00:11] A rather calm draw.   Weighted Error Value: White=0.08 (flawless) /Black=0.06 (flawless)} 1/2-1/2

[Event "CZE-ch U14 Open 2023"]
[Site "Teplice"]
[Date "2023.03.11"]
[Round "1.4"]
[White "Jasso, Matej"]
[Black "Krautschneider, Daniel Jan"]
[Result "0-1"]
[ECO "B35"]
[WhiteElo "1934"]
[BlackElo "1679"]
[Annotator "TA"]
[PlyCount "88"]
[EventDate "2023.03.09"]
[EventType "swiss"]
[EventCountry "CZE"]
[SourceTitle "playchess.com"]
[Source "ChessBase"]
[SourceQuality "1"]
[TimeControl "40/5400+30:1800+30"]

1. e4 c5 2. Nf3 Nc6 3. d4 cxd4 4. Nxd4 g6 5. Be3 Bg7 6. Nc3 Nf6 7. Bc4 O-O 8. Bb3 d6 9. f3 Bd7 10. Qd2 Rc8 11. O-O-O a5 {[%emt 0:00:18] B78: Sicilian Dragon: Yugoslav Attack, 9 Bc4 Bd7 10 0-0-0 Rc8.} 12. Nxc6 (12. Ndb5 $16) 12... Bxc6 $11 13. a4 Qd7 {[%emt 0:02:46] [#]} (13... Qe8 $11 {remains equal.}) 14. Bb6 $146 (14. Bh6 $16) ({Predecessor:} 14. Rhe1 Nh5 15. Nd5 Bxd5 16. exd5 b5 17. Qxa5 bxa4 18. Bxa4 Qf5 19. g4 Qxf3 20. gxh5 {0-1 Trevis,R (1041)-Pons,F (1213) RF-2013-0-00166}) 14... Nxe4 $2 15. fxe4 $18 (15. Nxe4 Bxa4 16. Bxa4 Qxa4 $16) 15... Bxc3 16. Qxc3 ({White should play} 16. bxc3 $18 {aiming for Qh6.} Bxa4 17. Bd5 (17. Bxa5 Bxb3 18. cxb3 Qb5 $17)) 16... Bxa4 $16 17. Qe3 (17. Qxa5 $2 {perishes.} Bxb3 18. c3 Ra8 $19) 17... Qc6 18. Rd4 $2 (18. Bxa5 $16 {stays on course. Bxa4 is the strong threat.} Bxb3 19. Qxb3) 18... Qxb6 $19 {[%emt 0:03:27] White is on the road to losing.} 19. Bxa4 {[%emt 0:00:17] Qd3 would be deadly.} (19. Rxa4 $2 {too greedy.} Qxe3+ 20. Kb1 Qd2 $19) 19... Rc4 {[%emt 0:02:23][%mdl 64] Pin} 20. c3 {[%emt 0:08:39] [#]} (20. Rd3 {was necessary.} Qxe3+ 21. Rxe3 Rxa4 22. Rhe1) 20... Rxa4 $1 21. Kc2 Rxd4 22. Qxd4 Qxd4 23. cxd4 {[%emt 0:00:04][%mdl 4096] Endgame KR-KR} Rc8+ 24. Kd3 Kf8 25. Ra1 b6 26. Ra4 Ke8 27. b4 Ra8 28. Kc4 Kd7 29. Kb5 Rc8 30. d5 (30. Ra2 $142) 30... f6 31. Ra2 Rc3 32. Re2 Rc1 33. bxa5 Rb1+ {[%emt 0:00:40][%mdl 64] [#] Deflection} 34. Kc4 $2 (34. Ka6 bxa5 35. Kxa5) 34... bxa5 35. Ra2 Rb4+ 36. Kd3 a4 37. g4 e6 {[%emt 0:01:52] White must now prevent ...exd5.} 38. h3 f5 39. exf5 exf5 (39... gxf5 $2 {is the wrong capture.} 40. Kc3 Rf4 41. Rd2 $19) 40. gxf5 gxf5 41. Rf2 a3 {[%emt 0:31:20] Black is clearly winning.} 42. Kc3 {[%emt 0:01:26] Prevents Rb3+.} (42. Rxf5 $142 Kc7 43. Rf1) 42... Ra4 {[%emt 0:00:58] ( -> ...a2)} 43. Rf1 a2 44. Ra1 Ke7 {[%emt 0:00:11] Weighted Error Value: White=0.82/Black=0.31} 0-1

[Event "CZE-ch U14 Open 2023"]
[Site "Teplice"]
[Date "2023.03.11"]
[Round "1.5"]
[White "Soucek, Andrej"]
[Black "Zelba, Lukas"]
[Result "1/2-1/2"]
[ECO "E17"]
[WhiteElo "1679"]
[BlackElo "1912"]
[Annotator "TA"]
[PlyCount "84"]
[EventDate "2023.03.09"]
[EventType "swiss"]
[EventCountry "CZE"]
[SourceTitle "playchess.com"]
[Source "ChessBase"]
[SourceQuality "1"]
[TimeControl "40/5400+30:1800+30"]

1. d4 e6 2. Nf3 Nf6 3. c4 b6 4. g3 Bb7 5. Bg2 Be7 6. O-O O-O 7. d5 exd5 8. Nh4 c6 9. cxd5 Nxd5 10. Nf5 Nc7 11. e4 (11. Qd4 Bf6 12. Qd6 Re8 $17) 11... d5 {[%emt 0:04:04] E17: Queen's Indian: 4 g3 Bb7 5 Bg2 Be7.} 12. exd5 Nxd5 13. Qg4 (13. Nc3 {simplifies} Bf6 14. Nxd5 cxd5 15. Ne3) 13... Bf6 14. Nc3 Nd7 15. Bf4 Nxc3 (15... Nxf4 $11 16. Qxf4 Be5) 16. bxc3 $14 Ne5 $1 {[%emt 0:02:40] [#]} (16... Bxc3 $2 17. Rad1 Kh8 18. Rd3 $18) 17. Qh5 $146 (17. Bxe5 $14 {stays ahead.} Bxe5 18. f4 Bxc3 19. Rad1) ({Predecessor:} 17. Bxe5 Bxe5 18. Rad1 Qf6 19. Nd6 Bxd6 20. Qd7 Bc5 21. Qxb7 Qxc3 22. Bxc6 Rab8 23. Qd7 {½-½ Khomeriki,N (2319)-Rasulov,V (2478) Titled Tuesday intern op 5th May blitz 2020 (1)}) 17... g6 $17 18. Nh6+ Kg7 19. Qe2 {[%emt 0:04:08] [#]} (19. Qh3 $17) 19... Qd3 $1 $19 20. Rfe1 Ba6 (20... Qxc3 21. Rac1 Qa5 22. Bxe5 Bxe5 23. Qxe5+ Qxe5 24. Rxe5 Kxh6 25. Re7 $17) 21. Qb2 Rfe8 22. Re3 {[%emt 0:04:10] [#] Repels Nf3+} Qd7 $1 23. Rae1 $2 (23. Qa3 Bc4 24. h3) 23... Nc4 24. Rxe8 Rxe8 (24... Nxb2 $19 {has better winning chances.} 25. Rxa8 g5) 25. Rxe8 $17 Qxe8 (25... Nxb2 $2 26. Rg8#) (25... Qd1+ 26. Bf1 $16) 26. Qc1 {[%emt 0:00:07] Against Qe1+} Ne5 {[%emt 0:01:23] Prevents Ng4. Threatens to win with ...Nd3.} 27. Qe3 {[%emt 0:00:44] [#] Wards off Nd3} Qd7 $1 {[%emt 0:01:59] Wards off Ng4. ( -> ...Qd1+)} 28. h4 (28. h3 Nd3) 28... Nd3 (28... Qe6 $19 29. Bxe5 Qxe5) 29. Ng4 {[%emt 0:01:11][%mdl 64] Back Rank, Clearance} Nxf4 {[%emt 0:01:01][%mdl 64] Deflection} (29... Qxg4 $2 {is a self mate.} 30. Bh6+ Kh8 31. Qe8#) 30. Qxf4 {[%emt 0:00:31] White wants to mate with Qh6+.} Bxc3 {[%emt 0:01:46] This pair of bishops is nice.} 31. h5 f5 (31... Kf8 $17 {...c5 would be deadly.} 32. h6 Bc8) 32. Qh6+ $11 Kg8 33. Ne3 {[%emt 0:00:25] Against Qd1+} (33. hxg6 $1 $11 Qg7 34. gxh7+ Kh8 35. Qxc6 fxg4 36. Be4) 33... Bg7 $17 34. Qf4 Kf7 ({Stronger than} 34... gxh5 35. Nxf5 Bd3 36. Nxg7 Kxg7 37. Qg5+ Bg6 38. Qe5+ Kf7 39. Bf3 $11) (34... Bf8 $17 35. Bf3 Bc5) 35. g4 $15 Bd3 36. Bh3 Bf6 {[%emt 0:00:38] White must now prevent ...g5.} 37. hxg6+ hxg6 {[%emt 0:00:06] Strongly threatening ...g5.} 38. gxf5 Bxf5 (38... g5 $5 39. Qf3 Bb1 $15) 39. Nxf5 {[%emt 0:00:20] The position is equal.} gxf5 40. Bxf5 {[%emt 0:00:14] KQB-KQB} Qd1+ 41. Kg2 Qd5+ 42. Be4 Qg5+ {[%emt 0:01:02] And White is the lucky defender. An interesting game.   Weighted Error Value: White=0.32/Black=0.27 (precise)} 1/2-1/2

[Event "CZE-ch U14 Open 2023"]
[Site "Teplice"]
[Date "2023.03.11"]
[Round "1.6"]
[White "Topencik, Bruno"]
[Black "Vlcek, Vojtech"]
[Result "1-0"]
[ECO "B20"]
[WhiteElo "1844"]
[BlackElo "1671"]
[Annotator "NA RC COMBH"]
[PlyCount "93"]
[EventDate "2023.03.09"]
[EventType "swiss"]
[EventCountry "CZE"]
[SourceTitle "playchess.com"]
[Source "ChessBase"]
[SourceQuality "1"]
[TimeControl "40/5400+30:1800+30"]

1. e4 c5 2. Be2 Nc6 3. f4 e6 4. Nf3 d5 5. d3 Bd6 6. O-O Nge7 7. c3 f6 8. Na3 a6 9. Nc2 Qc7 10. g3 b6 11. Ne3 Bb7 12. exd5 exd5 13. d4 cxd4 14. Nxd4 Nxd4 15. cxd4 O-O 16. Bf3 b5 17. Qb3 Qc6 18. Bd2 Qb6 19. Nxd5 Nxd5 20. Bxd5+ Bxd5 21. Qxd5+ Kh8 22. Be3 Rad8 23. Qf3 Rfe8 24. Rfe1 Bb4 25. Re2 Qe6 26. a3 Ba5 27. b4 Bb6 28. Rae1 Qc4 29. Bf2 Rxe2 30. Qxe2 h6 31. Qe7 Rc8 32. Qd6 Qc6 33. Qxc6 Rxc6 34. d5 Bxf2+ 35. Kxf2 Rd6 36. Rd1 Kg8 37. Ke3 Kf7 38. Kd4 Ke7 39. Kc5 Rd8 40. Re1+ Kd7 41. Re6 Ra8 42. Rb6 Ra7 43. Rd6+ Kc7 44. Rc6+ Kd7 45. Kb6 Ra8 46. Ka5 Re8 47. Rxa6 1-0

[Event "CZE-ch U14 Open 2023"]
[Site "Teplice"]
[Date "2023.03.11"]
[Round "1.7"]
[White "Tichy, Tomas"]
[Black "Hrbek, Jachym"]
[Result "0-1"]
[ECO "C68"]
[WhiteElo "1810"]
[BlackElo "1824"]
[Annotator "NA RC COMBH"]
[PlyCount "98"]
[EventDate "2023.03.09"]
[EventType "swiss"]
[EventCountry "CZE"]
[SourceTitle "playchess.com"]
[Source "ChessBase"]
[SourceQuality "1"]
[TimeControl "40/5400+30:1800+30"]

1. e4 e5 2. Nf3 Nc6 3. Bb5 a6 4. Bxc6 dxc6 5. O-O Bg4 6. h3 Bxf3 7. Qxf3 Qf6 8. Qxf6 Nxf6 9. d3 Bc5 10. Nc3 O-O-O 11. Kh1 h5 12. f4 Ng4 13. fxe5 Nxe5 14. Rf5 f6 15. Bd2 Ba7 16. Re1 Rd7 17. Be3 Bxe3 18. Rxe3 b6 19. b4 Kb7 20. Na4 Rd4 21. a3 c5 22. c3 Rxd3 23. Rxd3 Nxd3 24. Rd5 Nf2+ 25. Kg1 Nxe4 26. Rd7 cxb4 27. cxb4 g5 28. Re7 Nd6 29. Nc3 Kc6 30. Kf2 h4 31. Kf3 Re8 32. Rxe8 Nxe8 33. Ne4 Kd5 34. Ke3 Ke5 35. Nf2 f5 36. Kd3 Nd6 37. Nd1 c5 38. bxc5 bxc5 39. Ne3 c4+ 40. Nxc4+ Nxc4 41. Kxc4 Kf4 42. Kc5 Kg3 43. Kb6 Kxg2 44. Kxa6 f4 45. Kb6 f3 46. a4 f2 47. a5 f1=Q 48. a6 Qf3 49. Ka7 Qc6 0-1

[Event "CZE-ch U14 Open 2023"]
[Site "Teplice"]
[Date "2023.03.11"]
[Round "1.8"]
[White "Stary, Vojtech"]
[Black "Dusanek, Michal"]
[Result "1-0"]
[ECO "A04"]
[WhiteElo "1814"]
[BlackElo "1624"]
[Annotator "NA RC COMBH"]
[PlyCount "22"]
[EventDate "2023.03.09"]
[EventType "swiss"]
[EventCountry "CZE"]
[SourceTitle "playchess.com"]
[Source "ChessBase"]
[SourceQuality "1"]
[TimeControl "40/5400+30:1800+30"]

1. Nf3 c5 2. c4 Nc6 3. d4 cxd4 4. Nxd4 g6 5. g3 Bg7 6. Nc2 Nf6 7. Nc3 O-O 8. Bg2 d6 9. O-O Be6 10. b3 Ne4 11. Nxe4 Bxa1 1-0

[Event "CZE-ch U14 Open 2023"]
[Site "Teplice"]
[Date "2023.03.11"]
[Round "1.9"]
[White "Ocelak, David"]
[Black "Babula, Matej"]
[Result "1-0"]
[ECO "B40"]
[WhiteElo "1608"]
[BlackElo "1796"]
[Annotator "NA RC COMBH"]
[PlyCount "53"]
[EventDate "2023.03.09"]
[EventType "swiss"]
[EventCountry "CZE"]
[SourceTitle "playchess.com"]
[Source "ChessBase"]
[SourceQuality "1"]
[TimeControl "40/5400+30:1800+30"]

1. e4 c5 2. Nf3 e6 3. b4 cxb4 4. d4 d5 5. e5 Nc6 6. a3 Nh6 7. h4 f6 8. Bd3 Nf7 9. Qe2 Be7 10. h5 fxe5 11. dxe5 Ncxe5 12. Nxe5 Nxe5 13. Qxe5 Bf6 14. Bb5+ Ke7 15. Bg5 Qa5 16. Bxf6+ gxf6 17. Qe2 bxa3+ 18. Kf1 a2 19. Nd2 Rg8 20. Nb3 Qa3 21. Qd3 Rg7 22. Qc3 Rg4 23. Qc7+ Kf8 24. Qd8+ Kg7 25. h6+ Kg6 26. Qe8+ Kf5 27. Rh5+ 1-0

[Event "CZE-ch U14 Open 2023"]
[Site "Teplice"]
[Date "2023.03.11"]
[Round "1.10"]
[White "Popov, Roman"]
[Black "Srba, Daniel"]
[Result "1-0"]
[ECO "D35"]
[WhiteElo "2353"]
[BlackElo "1509"]
[Annotator "TA"]
[PlyCount "63"]
[EventDate "2023.03.09"]
[EventType "swiss"]
[EventCountry "CZE"]
[SourceTitle "playchess.com"]
[Source "ChessBase"]
[SourceQuality "1"]
[TimeControl "40/5400+30:1800+30"]

1. d4 d5 2. c4 e6 3. Nc3 Nf6 4. cxd5 exd5 5. Bg5 Be7 6. e3 O-O 7. Bd3 c6 8. Qc2 Nbd7 9. Nge2 Re8 10. O-O Ne4 11. Bf4 {[%emt 0:08:19][%cal Oc3d5] Black must now prevent Nxd5!} ({Don't play} 11. Nxe4 dxe4 12. Bxe7 exd3 13. Bxd8 dxc2 $15) 11... Nef6 {[%emt 0:06:27] [#] D36: Queen's Gambit Declined: Exchange Variation: Main line (5 Bg5 c6 6 Qc2).} (11... g5 $142) 12. Nb5 $1 $16 {[%emt 0:04:04] Bc7 is the strong threat. White has more active pieces. The black rooks are badly placed.} Rf8 {[%emt 0:04:56] [#]} (12... cxb5 $2 13. Bc7 $18) (12... Nc5 $16) 13. Bc7 $1 $18 Qe8 {[%emt 0:01:32] White is clearly better.} 14. Nd6 Bxd6 15. Bxd6 Qe6 16. Bxf8 Nxf8 17. Ng3 g6 {[%emt 0:08:46] [#]} 18. Rac1 $146 ({Predecessor:} 18. Rfe1 h5 19. e4 h4 20. exd5 Qxd5 21. Ne4 Nxe4 22. Rxe4 h3 23. Qc5 Be6 24. Qxd5 Bxd5 {1-0 Amura,C (2385)-Chaves,J (2045) Sao Paulo zt (Women) 1991 (4)}) 18... Qg4 (18... Qe7 $142 19. Ne2 Ne8) 19. Qe2 Qh4 20. f3 Bd7 21. Qe1 Qh6 22. Qf2 Ne6 23. Bb1 Rf8 24. Rcd1 Rd8 25. a3 Bc8 26. Ba2 Rf8 27. e4 Nf4 28. e5 N6h5 29. Qd2 Qg5 (29... Ng7 $142 30. Ne2 Nxe2+ 31. Qxe2 Re8) 30. Nxh5 gxh5 31. g3 h4 $2 (31... Nh3+ 32. Kg2 Qxd2+ 33. Rxd2 Ng5) 32. Qxf4 {[%emt 0:00:10] White took control after the opening.   Weighted Error Value: White=0.05 (flawless) /Black=0.20 (precise)} 1-0

[Event "CZE-ch U14 Open 2023"]
[Site "Teplice"]
[Date "2023.03.11"]
[Round "1.11"]
[White "Striz, Tadeas"]
[Black "Zrubek, Dan"]
[Result "0-1"]
[ECO "B77"]
[WhiteElo "1503"]
[BlackElo "1752"]
[Annotator "NA RC COMBH"]
[PlyCount "46"]
[EventDate "2023.03.09"]
[EventType "swiss"]
[EventCountry "CZE"]
[SourceTitle "playchess.com"]
[Source "ChessBase"]
[SourceQuality "1"]
[TimeControl "40/5400+30:1800+30"]

1. e4 c5 2. Nf3 d6 3. d4 cxd4 4. Nxd4 Nf6 5. Nc3 g6 6. Be3 Bg7 7. f3 O-O 8. Bc4 Nc6 9. Qd2 Nxd4 10. Bxd4 Be6 11. Bxe6 fxe6 12. h4 Qa5 13. O-O-O Rac8 14. Kb1 Nd7 15. Bxg7 Kxg7 16. h5 g5 17. Rdf1 h6 18. f4 Rxf4 19. Rxf4 gxf4 20. Qxf4 Qg5 21. Qf2 a6 22. Ne2 Rf8 23. Qh4 Rf1+ 0-1

[Event "CZE-ch U14 Open 2023"]
[Site "Teplice"]
[Date "2023.03.11"]
[Round "1.12"]
[White "Zemek, Antonin"]
[Black "Macosek, Alex"]
[Result "1-0"]
[ECO "A04"]
[WhiteElo "1739"]
[BlackElo "1466"]
[Annotator "NA RC COMBH"]
[PlyCount "79"]
[EventDate "2023.03.09"]
[EventType "swiss"]
[EventCountry "CZE"]
[SourceTitle "playchess.com"]
[Source "ChessBase"]
[SourceQuality "1"]
[TimeControl "40/5400+30:1800+30"]

1. Nf3 g6 2. g3 Bg7 3. Bg2 d6 4. c4 Nc6 5. Nc3 e5 6. d3 Nge7 7. O-O h5 8. a3 Bg4 9. b4 Qc8 10. Bb2 h4 11. e3 e4 12. dxe4 Ne5 13. Qe2 f5 14. Rab1 fxe4 15. Nxe4 Qf5 16. Ned2 Qh5 17. Bxe5 Bxe5 18. h3 Bxh3 19. Bxh3 hxg3 20. Bg2 g5 21. fxg3 Bxg3 22. Ne4 Be5 23. Kf2 g4 24. Nxe5 Qh4+ 25. Ng3 dxe5 26. Rh1 Rf8+ 27. Kg1 Qxg3 28. Rd1 Nf5 29. Rh7 Rf7 30. Rh8+ Rf8 31. Rxf8+ Kxf8 32. Rf1 Ke7 33. Rxf5 Rd8 34. Kf1 Ke6 35. Rg5 Rf8+ 36. Kg1 Rf3 37. Rg6+ Ke7 38. Qxf3 Qe1+ 39. Qf1 Qxe3+ 40. Kh1 1-0

[Event "CZE-ch U14 Open 2023"]
[Site "Teplice"]
[Date "2023.03.12"]
[Round "2.1"]
[White "Popov, Roman"]
[Black "Juhanak, Daniel"]
[Result "0-1"]
[ECO "E27"]
[WhiteElo "2353"]
[BlackElo "1952"]
[Annotator "TA"]
[PlyCount "99"]
[EventDate "2023.03.09"]
[EventType "swiss"]
[EventCountry "CZE"]
[SourceTitle "playchess.com"]
[Source "ChessBase"]
[SourceQuality "1"]
[TimeControl "40/5400+30:1800+30"]

1. d4 Nf6 2. c4 e6 3. Nc3 Bb4 4. a3 Bxc3+ 5. bxc3 O-O 6. f3 c5 7. e3 d6 8. Bd3 Nc6 9. Ne2 b6 10. O-O Ba6 {[%emt 0:01:38] E29: Nimzo-Indian: Sämisch: 5...0-0 6 e3 c5 7 Bd3 Nc6.} 11. e4 Nd7 {[%emt 0:08:55] [#]} 12. f4 $146 ({Predecessor:} 12. Be3 Na5 13. Qa4 Rc8 14. Rac1 Qe7 15. Rfd1 Rfd8 16. Bf2 Nf8 17. e5 dxe5 18. dxc5 {½-½ Karahan,A (1739)-Samani,Y (2083) TUR-chT2 Konya 2016 (1.9)}) 12... Na5 {[%emt 0:03:14] Black is slightly better.} 13. f5 Bxc4 ({Don't play} 13... Nxc4 14. Qa4 $16) (13... Kh8 $15) 14. Bxc4 $14 Nxc4 15. fxe6 (15. f6 $14 {keeps the upper hand.}) 15... fxe6 $17 16. Nf4 Qe7 17. Qe2 b5 (17... Na5 {simplifies} 18. Bd2 Rae8 19. Nh3 Rxf1+ 20. Rxf1 Rf8) 18. Ra2 (18. a4 $17) 18... Ndb6 $19 19. Qg4 e5 20. Ne6 Rxf1+ 21. Kxf1 cxd4 22. cxd4 exd4 23. Nxd4 Rf8+ (23... Ne5 $19 24. Qe2 Nbc4) 24. Nf5 Kh8 {[%emt 0:04:07] aiming for ...g6. Black is more active.} 25. Rf2 Qe5 (25... Qf6 $1 $19 {And now ...g6 would win.} 26. Qg5 Nd7 27. Qxf6 Nxf6) 26. Qg5 (26. Kg1 $17) 26... Nd7 {[%emt 0:04:00][%cal Bb6d7,Bd7c5,Bc5b3][%mdl 32] Excellent horsemanship.} (26... Qxh2 $2 27. Qxg7#) 27. Qe7 {[%emt 0:01:12] [#]} Qxe7 28. Nxe7 {[%emt 0:00:05] [#]} Rxf2+ $1 29. Kxf2 {[%emt 0:00:01][%mdl 4096] Endgame KBN-KNN} Nc5 {[%emt 0:00:09] Strongly threatening ...Nd3+.} 30. Kf3 Ne5+ 31. Ke3 (31. Ke2 $17 {was called for.}) 31... Nb3 32. Bb2 Nc4+ 33. Kd3 Nc5+ ({And not} 33... Nxb2+ 34. Kc3 $15) 34. Kc2 Nxe4 35. Bd4 a5 36. Nf5 $2 (36. Kb3 $17 {is tougher.}) 36... Nxa3+ 37. Kb3 Nc4 38. Bxg7+ Kg8 39. Bd4 Kf7 40. g4 Ned2+ 41. Kc2 Nf3 42. h4 Ke6 43. h5 Nce5 44. Bxe5 (44. Bc3 $142 Nxg4 45. Ng7+ Kf7 46. Nf5) 44... dxe5 {[%emt 0:00:00][%cal Bd6e5,Be5e4][%mdl 32] KN-KN} 45. Ne3 e4 46. Kc3 Ke5 47. Ng2 b4+ 48. Kb3 Nd2+ (48... Kd4 $142 49. Nf4 e3) 49. Kc2 Nf3 (49... Nf1 $142 50. g5 a4) 50. Kb3 $1 {[%emt 0:00:00] Weighted Error Value: White=0.65/Black=0.18 (very precise)} 0-1

[Event "CZE-ch U14 Open 2023"]
[Site "Teplice"]
[Date "2023.03.12"]
[Round "2.2"]
[White "Zrubek, Dan"]
[Black "Topencik, Bruno"]
[Result "1/2-1/2"]
[ECO "C15"]
[WhiteElo "1752"]
[BlackElo "1844"]
[Annotator "NA RC COMBH"]
[PlyCount "63"]
[EventDate "2023.03.09"]
[EventType "swiss"]
[EventCountry "CZE"]
[SourceTitle "playchess.com"]
[Source "ChessBase"]
[SourceQuality "1"]
[TimeControl "40/5400+30:1800+30"]

1. e4 e6 2. d4 d5 3. Nc3 Bb4 4. Nge2 dxe4 5. a3 Bxc3+ 6. Nxc3 Nc6 7. Bb5 Nge7 8. Nxe4 O-O 9. c3 Qd5 10. Bxc6 Nxc6 11. Qf3 Kh8 12. Ng5 Qxf3 13. Nxf3 e5 14. Nxe5 Re8 15. O-O Nxe5 16. dxe5 Rxe5 17. Bf4 Re7 18. Rfe1 Be6 19. Rad1 c6 20. Rd4 Rd7 21. Rxd7 Bxd7 22. Re7 Re8 23. Rxe8+ Bxe8 24. Kf1 Kg8 25. Ke2 f6 26. Ke3 Kf7 27. Bb8 a6 28. Kd4 Ke6 29. Kc5 Kd7 30. Kb6 Kc8 31. Bf4 Bf7 32. Be3 1/2-1/2